 Dungeon Crawl Stone Soup version 0.32-a0-132-g2d33c3cfaf (webtiles) character file.

Game seed: 10588770532573418328

120 Dittersdorf the Trooper (level 5, -1/33 HPs)
             Began as a Gargoyle Fighter on Feb 9, 2024.
             Incinerated by a bombardier beetle (8 damage)
             ... with a burning spray
             ... on level 3 of the Dungeon.
             The game lasted 00:01:40 (1593 turns).

Dittersdorf the Trooper (Gargoyle Fighter)          Turns: 1593, Time: 00:01:40

Health: -1/33      AC: 14    Str: 22    XL:     5   Next: 4%
Magic:  5/5        EV:  8    Int:  3    God:
Gold:   121        SH:  4    Dex:  9    Spells: 4/4 levels left

rFire   . . .        a - +0 flail
rCold   . . .        c - +0 buckler
rNeg    + + .        h - +0 chain mail
rPois   ∞            (no helmet)
rElec   +            r - +0 cloak of Weej {+Inv Int-5 SInv}
rCorr   .            (no gloves)
SInv    +            (no boots)
Will    .....        (no amulet) Stlth
                     f - ring of positive energy
HPRegen 0.25/turn    (no ring)
MPRegen 0.09/turn

%: no passive effects
@: on fire, glowing
A: sickness immunity, AC +4, negative energy resistance 1, electricity
resistance, torment resistance 1, petrification resistance
a: Evoke Invisibility


You were on level 3 of the Dungeon.
You visited 1 branch of the dungeon, and saw 3 of its levels.

You collected 121 gold pieces.

Inventory:

Hand Weapons
 a - a +0 flail (weapon)
Missiles
 g - a throwing net (quivered)
Armour
 c - a +0 buckler (worn)
 h - a +0 chain mail (worn)
 k - a +0 plate armour
 r - the +0 cloak of Weej (worn) {+Inv Int-5 SInv}
   (You found it on level 3 of the Dungeon)

   Int-5:     It affects your intelligence (-5).
   SInv:      It lets you see invisible.
   +Inv:      It lets you turn invisible.
Jewellery
 f - a ring of positive energy (left hand)
Wands
 q - a wand of flame (26)
Scrolls
 j - a scroll of amnesia {unknown}
 m - 2 scrolls of identify {unknown}
 n - a scroll of vulnerability {unknown}
 p - 2 scrolls of enchant weapon {unknown}
Potions
 b - 2 potions of enlightenment {unknown}
 d - a potion of might
 e - 3 potions of invisibility {unknown}
 i - 2 potions of curing {unknown}
 l - a potion of degeneration {unknown}
 o - a potion of cancellation {unknown}


   Skills:
 + Level 4.2 Fighting
 + Level 3.0 Maces & Flails
 + Level 4.1 Armour
 + Level 4.1 Shields


You had 4 spell levels left.
You didn't know any spells.
Your spell library contained the following spells:

 Spells                   Type           Power      Damage    Failure   Level
 Sandblast                Erth           0%         2d4       99%         1
 Shock                    Conj/Air       0%         1d3       99%         1
 Passwall                 Erth           0%         N/A       100%        3
 Stone Arrow              Conj/Erth      0%         3d7       100%        3
 Swiftness                Air            0%         N/A       100%        3
 Airstrike                Air            0%         2d(0-16)  100%        4
 Brom's Barrelling Bould  Conj/Erth      0%         2d3       100%        4


Dungeon Overview and Level Annotations

Branches:
Dungeon (3/15)

Altars:
Uskayaw

Shops:
D:1 [


Innate Abilities, Weirdness & Mutations

You are immune to sickness and miasma.
Your stone body is resilient. (AC +4)
You are immune to poison.
You resist negative energy. (rN+)
You are resistant to electric shocks. (rElec)
You are resistant to unholy torment.
You are immune to petrification.


Message History

The bombardier beetle is moderately wounded.
The liquid fire burns you!
The bombardier beetle waves its antennae.
The bombardier beetle bites you but does no damage.
You sock the bombardier beetle!
The bombardier beetle is severely wounded.
The liquid fire burns you!
The bombardier beetle closely misses you.
You hit the bombardier beetle.
The bombardier beetle is almost dead.
The liquid fire burns you!
You block the bombardier beetle's attack.
You hit the bombardier beetle but do no damage.
The bombardier beetle is almost dead.
The liquid fire burns you!
You are too injured to fight recklessly!
You are too injured to fight recklessly!
You are too injured to fight recklessly!
You are too injured to fight recklessly!
You are too injured to fight recklessly!
You are too injured to fight recklessly!
You are too injured to fight recklessly!
You are too injured to fight recklessly!
You are too injured to fight recklessly!
You are too injured to fight recklessly!
You are too injured to fight recklessly!
You are too injured to fight recklessly!
You are too injured to fight recklessly!
You are too injured to fight recklessly!
You are too injured to fight recklessly!
You are too injured to fight recklessly!
You hit the bombardier beetle but do no damage.
The bombardier beetle is almost dead.
The liquid fire burns you!
* * * LOW HITPOINT WARNING * * *
The bombardier beetle closely misses you.
You sock the bombardier beetle!
You kill the bombardier beetle!
The liquid fire burns you!
You die...

#........##.# #
#.######.##'#### # #
#.#.....##### # .##. ##
#...........### .......
##.....ß.ß.ß.##. .
...#. #...............
#.. ...
+...............
#...#.##...........#..†
#...†@..........)_#...
####.####.........#..#
#. ##...........# #.
##+.........# #.
#..ß.ß.ß.#.# ..
#........#.# ##
#.######## #


There were no monsters in sight!

Vanquished Creatures
  2 bombardier beetles (D:3)
  3 adders
  A ribbon worm (D:2)
  An orc (D:2)
  5 ball pythons
  3 endoplasms
  7 giant cockroaches
  8 goblins
  5 hobgoblins
  4 quokkas
  8 bats
  3 frilled lizards
  4 kobolds
  A rat (D:3)
55 creatures vanquished.

Notes
Turn   | Place    | Note
-------+----------+-------------------------------------------
     0 | D:1      | Dittersdorf the Gargoyle Fighter began the quest for the
                  | Orb.
     0 | D:1      | Reached XP level 1. HP: 14/14 MP: 1/1
    66 | D:1      | Reached XP level 2. HP: 14/19 MP: 2/2
   426 | D:1      | Found Soluw's Antique Armour Shop.
   633 | D:2      | Reached XP level 3. HP: 23/23 MP: 3/3
  1092 | D:2      | Reached XP level 4. HP: 29/29 MP: 4/4
  1276 | D:3      | Found a faded altar of an unknown god.
  1416 | D:3      | Identified the +0 cloak of Weej {+Inv Int-5 SInv}
  1557 | D:3      | Reached XP level 5. HP: 33/33 MP: 5/5
  1559 | D:3      | Found a hide-covered altar of Uskayaw.
  1593 | D:3      | Incinerated by a bombardier beetle

Illustrated notes

Levels and vault maps discovered:
D:1:      kennysheep_arrival_forest, layout_rooms, serial_shops,
          nicolae_shop_window_shopping, minmay_misc_feat_tiny
D:2:      layout_rooms, minmay_worlds_worst_comb
D:3:      layout_loops_corners, eat_drink_and_be_merry_uskayaw,
          nicolae_tso_swordbearing_angel, shapermc_ecumenical_altar_ellora,
          uniq_jessica

Skill      XL: |  1  2  3  4 |
---------------+-------------+-----
Fighting       | 4 |  4.2
Armour         | 4 |  4.1
Shields        | 4 |  4.1
Maces & Flails | 3 |  3.0

Action                     |  1- 3 |  4- 6 || total
---------------------------+-------+-------++-------
  Melee: Flail             |   133 |    37 ||   170
 Armour: Scale mail        |    59 |       ||    59
         Chain mail        |    75 |    15 ||    90
  Dodge: Dodged            |    81 |    12 ||    93
  Block: Buckler           |    40 |     6 ||    46

Table legend: (Time is in decaauts)
 A = Elapsed time spent in this place.
 B = Non-inter-level travel time spent in this place.
 C = Inter-level travel time spent in this place.
 D = Time resting spent in this place.
 E = Time spent auto-exploring this place.
 F = Levels seen in this place.
 G = Mean time per level.
                   A        B        C        D        E       F      G
               +--------+--------+--------+--------+--------+-----+--------+
         Total |   1645 |   1567 |     78 |     10 |   1168 |   3 |  548.3 |
       Dungeon |   1645 |   1567 |     78 |     10 |   1168 |   3 |  548.3 |
               +--------+--------+--------+--------+--------+-----+--------+

Top non-repeatable levels by time:
     D:1: 632 daAuts
     D:2: 544 daAuts
     D:3: 468 daAuts
